Blackhawks vs Flyers
(R1)
Created - May 17, 2017 at 19:02
Goals
|
| Blackhawks |
2 |
1 |
1 |
4 |
| Flyers |
0 |
2 |
0 |
2 |
|
Shots
|
| Blackhawks |
14 |
2 |
15 |
31 |
| Flyers |
11 |
6 |
0 |
17 |
|
1st period
1. Blackhawks , Peter Regin 18 (Tomas Fleischmann 21, Jason Pominville 39) at 4:07
2. Blackhawks , Peter Regin 19 (Dave Tanabe 12) at 10:38
Penalties :
Dave Tanabe (Chi) for Holding (Minor) at 15:41, Derick Brassard (Chi) for Hooking (Minor) at 19:30
2nd period
3. Flyers , Jeff Carter 36 (Stefan Ruzicka 13, Chris Kreider 28) at 1:59
4. Blackhawks , Derick Brassard 46 (Ian White 28, Patrick Kane 59) at 14:11
5. Flyers , Alexei Morozov 35 (Jeff Carter 58, Dany Heatley 47) at 16:39
Penalties :
Antoine Roussel (Chi) for Hooking (Minor) at 4:52, Kyle Brodziak (Chi) for Roughing (Minor) at 10:33, Denis Grebeshkov (Chi) for Hooking (Minor) at 19:02
3rd period
6. Blackhawks , Joni Pitkanen 8 (Ian White 29, Jason Pominville 40) at 3:21 (PP)
Penalties :
Matt Smaby (Phi) for High sticking (Minor) at 2:48, Rostislav Olesz (Phi) for Hooking (Minor) at 5:42, Alexei Morozov (Phi) for Goalie Interference (Minor) at 10:36, Kyle Wellwood (Phi) for Slashing (Minor) at 14:06, Derick Brassard (Chi) for Hooking (Minor) at 19:12
Goalie Stats
Jimmy Howard (Chi), 15 saves from 17 shots - (0.882), W, 39-22-5, 60:00 minutes
Cory Schneider (Phi), 27 saves from 31 shots - (0.871), L, 26-16-8, 60:00 minutes
Players Stats for Blackhawks
Player Name G A P +/- PIM S H SB GA TA FO MP PP MP PK MP
------------------------------------------------------------------------------------
Antoine Roussel 0 0 0 1 2 1 3 0 0 0 1/3 16:40 3:19 0:00
Carson Mcmillan 0 0 0 0 0 0 0 0 0 0 0/0 11:36 0:00 2:56
Chad Larose 0 0 0 1 0 0 1 0 2 1 0/0 18:17 0:05 7:17
Dave Tanabe 0 1 1 1 2 0 0 1 0 1 0/0 12:55 0:00 0:00
Denis Grebeshkov 0 0 0 -1 2 3 0 1 0 0 0/0 16:22 2:56 0:00
Derick Brassard 1 0 1 1 4 2 1 1 0 0 8/22 16:10 3:26 0:00
Ian White 0 2 2 1 0 2 1 2 0 3 0/0 27:57 3:34 8:03
Jason Pominville 0 2 2 -1 0 0 1 0 0 0 0/1 12:38 2:59 0:00
Jonathan Toews 0 0 0 -1 0 3 5 0 0 0 3/7 17:25 2:59 2:56
Joni Pitkanen 1 0 1 1 0 3 2 0 1 1 0/0 27:39 3:34 8:03
Kurt Sauer 0 0 0 -1 0 0 2 0 0 0 0/0 20:35 2:56 2:39
Kyle Brodziak 0 0 0 0 2 0 1 0 0 2 2/3 8:01 0:05 0:00
Oleg Saprykin 0 0 0 0 0 1 0 0 0 0 0/0 8:52 0:12 0:35
Patrick Kane 0 1 1 1 0 6 2 0 2 0 0/0 16:35 3:26 0:00
Peter Regin 2 0 2 1 0 6 0 1 0 1 8/15 17:17 0:00 7:14
Ryan Hollweg 0 0 0 -1 0 1 1 0 1 0 0/0 13:28 2:59 0:26
Ryan O'Byrne 0 0 0 1 0 1 1 1 0 0 0/0 16:24 0:00 2:39
Tomas Fleischmann 0 1 1 1 0 2 1 0 0 0 0/0 10:21 0:00 0:00
Players Stats for Flyers
Player Name G A P +/- PIM S H SB GA TA FO MP PP MP PK MP
------------------------------------------------------------------------------------
Alexei Morozov 1 0 1 0 2 3 3 1 0 0 1/1 19:41 6:40 1:04
Chris Kreider 0 1 1 -2 0 0 2 0 0 0 0/0 12:19 0:00 1:32
Dany Heatley 0 1 1 0 0 0 0 2 1 0 1/1 22:00 6:40 3:27
Jakub Voracek 0 0 0 0 0 4 0 1 1 0 0/0 16:48 4:02 0:00
Jeff Carter 1 1 2 2 0 3 3 0 2 0 15/25 26:43 6:24 3:27
Jeff Woywitka 0 0 0 1 0 1 2 1 0 0 0/0 26:16 8:01 3:26
John-Michael Liles 0 0 0 0 0 0 0 0 0 0 0/0 3:17 0:00 0:00
Jonathan Ericsson 0 0 0 1 0 0 0 2 0 2 0/0 28:43 8:01 3:26
Kyle Wellwood 0 0 0 0 2 1 1 1 2 0 6/12 19:05 4:02 1:21
Mats Zuccarello 0 0 0 -2 0 1 2 0 0 1 0/0 13:03 0:00 1:49
Matt Smaby 0 0 0 -1 2 0 0 0 0 1 0/0 19:53 2:41 3:04
Matthew Lombardi 0 0 0 -3 0 2 1 0 1 0 3/5 11:48 0:16 0:20
Nathan Paetsch 0 0 0 -1 0 0 0 0 0 2 0/0 10:58 0:00 0:00
Pavel Kubina 0 0 0 -1 0 0 0 0 1 0 0/0 10:58 0:00 0:00
Rickard Wallin 0 0 0 1 0 0 0 0 0 0 2/6 7:15 0:00 0:00
Rostislav Olesz 0 0 0 0 2 1 0 1 1 0 1/1 17:06 4:02 0:00
Stefan Ruzicka 0 1 1 1 0 0 0 0 0 0 0/0 7:39 0:00 0:00
Steve McCarthy 0 0 0 -1 0 1 0 0 0 0 0/0 19:54 2:41 3:04
3 Stars
1 - Jeff Carter (Phi)
2 - Peter Regin (Chi)
3 - Joni Pitkanen (Chi)
Power Play
Blackhawks - 1 on 4 Attempt(s) - 25.00%
Flyers - 0 on 6 Attempt(s) - 0.00%
Penalty Kill
Blackhawks - 6 on 6 Attempt(s) - 100.00%
- Score 0 goal in Penalty Kill
Flyers - 3 on 4 Attempt(s) - 75.00%
- Score 0 goal in Penalty Kill
Team Stat
Blackhawks - Hits : 22 - Faceoff Wins : 22 - Blocked Shots : 7 - Penalty Minutes : 12
Flyers - Hits : 14 - Faceoff Wins : 29 - Blocked Shots : 9 - Penalty Minutes : 8
Official
Referees : Kimmerly Greg and Rooney Chris
Linesman : Derek Amell and Jay Sharrers
Game Notes
No Game Note
Finance
Level 1 -- Attendance: 5846 (97.43%) -- Ticket Income $496,910
Level 2 -- Attendance: 4570 (91.40%) -- Ticket Income $228,500
Level 3 -- Attendance: 1778 (88.90%) -- Ticket Income $53,340
Level 4 -- Attendance: 4000 (100.00%) -- Ticket Income $80,000
Luxury Box -- Attendance: 738 (73.80%) -- Ticket Income $121,770
Game was played at the Wells Fargo Center.
Total Attendance: 16932 (94.07%)
Total Ticket Income: $980,520
Other Income: $147,078
Total Income: $1,127,598
Blackhawks
5 vs 5 Forward
Center Left Wing Right Wing Time % Phy DF OF
1 Derick Brassard Antoine Roussel Patrick Kane 40 1 2 2
2 Jonathan Toews Ryan Hollweg Jason Pominville 30 1 2 2
3 Peter Regin Tomas Fleischmann Chad Larose 20 1 2 2
4 Kyle Brodziak Oleg Saprykin Carson Mcmillan 10 1 2 2
5 vs 5 Defense
Defense Defense Time % Phy DF OF
1 Ian White Joni Pitkanen 40 1 2 2
2 Kurt Sauer Denis Grebeshkov 30 1 2 2
3 Ryan O'Byrne Dave Tanabe 20 1 2 2
4 Ian White Joni Pitkanen 10 1 2 2
PowerPlay Forward
Center Left Wing Right Wing Time % Phy DF OF
1 Derick Brassard Antoine Roussel Patrick Kane 60 1 2 2
2 Jonathan Toews Ryan Hollweg Jason Pominville 40 1 2 2
PowerPlay Defense
Defense Defense Time % Phy DF OF
1 Ian White Joni Pitkanen 60 1 2 2
2 Kurt Sauer Denis Grebeshkov 40 1 2 2
Penalty Kill 4 Players Forward
Center Wing Time % Phy DF OF
1 Peter Regin Chad Larose 60 1 2 2
2 Jonathan Toews Carson Mcmillan 40 1 2 2
Penalty Kill 4 Players Defense
Defense Defense Time % Phy DF OF
1 Ian White Joni Pitkanen 60 1 2 2
2 Kurt Sauer Ryan O'Byrne 40 1 2 2
Penalty Kill - 3 Players Forward
Forward Time % Phy DF OF
1 Peter Regin 60 1 2 2
2 Jonathan Toews 40 1 2 2
Penalty Kill - 3 Players Defense
Defense Defense Time % Phy DF OF
1 Ian White Joni Pitkanen 60 1 2 2
2 Kurt Sauer Ryan O'Byrne 40 1 2 2
4 vs 4 Forward
Center Wing Time % Phy DF OF
1 Derick Brassard Patrick Kane 60 1 2 2
2 Jonathan Toews Antoine Roussel 40 1 2 2
4 vs 4 Defense
Defense Defense Time % Phy DF OF
1 Ian White Joni Pitkanen 60 1 2 2
2 Kurt Sauer Denis Grebeshkov 40 1 2 2
Last Minutes Offensive
Center Left Wing Right Wing Defense Defense
Derick Brassard Antoine Roussel Patrick Kane Ian White Joni Pitkanen
Last Minutes Defensive
Center Left Wing Right Wing Defense Defense
Derick Brassard Antoine Roussel Patrick Kane Ian White Joni Pitkanen
Goaltenders
Starting : Jimmy Howard
Backup : Al Montoya
Extra Forwards
Normal : Tomas Fleischmann, Antoine Roussel, Oleg Saprykin - PP : Patrick Kane, Derick Brassard - PK : Oleg Saprykin
Extra Defensemen
Normal : Joni Pitkanen, Denis Grebeshkov, Kurt Sauer - PP : Joni Pitkanen - PK : Denis Grebeshkov, Kurt Sauer
Penalty Shots
Patrick Kane, Jason Pominville, Derick Brassard, Jonathan Toews, Antoine Roussel
Scratches
None
Flyers
5 vs 5 Forward
Center Left Wing Right Wing Time % Phy DF OF
1 Jeff Carter Dany Heatley Alexei Morozov 40 1 2 2
2 Kyle Wellwood Rostislav Olesz Jakub Voracek 30 1 2 2
3 Matthew Lombardi Chris Kreider Mats Zuccarello 20 1 2 2
4 Rickard Wallin Jeff Carter Stefan Ruzicka 10 1 2 2
5 vs 5 Defense
Defense Defense Time % Phy DF OF
1 Jonathan Ericsson Jeff Woywitka 40 1 2 2
2 Matt Smaby Steve McCarthy 30 1 2 2
3 Pavel Kubina Nathan Paetsch 20 1 2 2
4 John-Michael Liles Jonathan Ericsson 10 1 2 2
PowerPlay Forward
Center Left Wing Right Wing Time % Phy DF OF
1 Jeff Carter Dany Heatley Alexei Morozov 60 1 2 2
2 Kyle Wellwood Rostislav Olesz Jakub Voracek 40 1 2 2
PowerPlay Defense
Defense Defense Time % Phy DF OF
1 Jonathan Ericsson Jeff Woywitka 60 1 2 2
2 Matt Smaby Steve McCarthy 40 1 2 2
Penalty Kill 4 Players Forward
Center Wing Time % Phy DF OF
1 Jeff Carter Dany Heatley 60 1 2 2
2 Kyle Wellwood Alexei Morozov 40 1 2 2
Penalty Kill 4 Players Defense
Defense Defense Time % Phy DF OF
1 Jonathan Ericsson Jeff Woywitka 60 1 2 2
2 Matt Smaby Steve McCarthy 40 1 2 2
Penalty Kill - 3 Players Forward
Forward Time % Phy DF OF
1 Jeff Carter 60 1 2 2
2 Dany Heatley 40 1 2 2
Penalty Kill - 3 Players Defense
Defense Defense Time % Phy DF OF
1 Jonathan Ericsson Jeff Woywitka 60 1 2 2
2 Matt Smaby Steve McCarthy 40 1 2 2
4 vs 4 Forward
Center Wing Time % Phy DF OF
1 Jeff Carter Dany Heatley 60 1 2 2
2 Kyle Wellwood Alexei Morozov 40 1 2 2
4 vs 4 Defense
Defense Defense Time % Phy DF OF
1 Jonathan Ericsson Jeff Woywitka 60 1 2 2
2 Matt Smaby Steve McCarthy 40 1 2 2
Last Minutes Offensive
Center Left Wing Right Wing Defense Defense
Jeff Carter Dany Heatley Alexei Morozov Jonathan Ericsson Jeff Woywitka
Last Minutes Defensive
Center Left Wing Right Wing Defense Defense
Jeff Carter Dany Heatley Alexei Morozov Jonathan Ericsson Jeff Woywitka
Goaltenders
Starting : Cory Schneider
Backup : Steve Mason
Extra Forwards
Normal : Matthew Lombardi, Chris Kreider, Mats Zuccarello - PP : Matthew Lombardi, Chris Kreider - PK : Mats Zuccarello
Extra Defensemen
Normal : Pavel Kubina, Nathan Paetsch, John-Michael Liles - PP : Pavel Kubina - PK : Nathan Paetsch, John-Michael Liles
Penalty Shots
Jeff Carter, Dany Heatley, Kyle Wellwood, Alexei Morozov, Rostislav Olesz
Scratches
Adam Mair (Healthy), Brock Nelson (Healthy), Jeff O'Neill (Strained Right Knee Injury)
% Time on Ice - Blackhawks
Lines # - Real PCT - Wanted PCT - Time Play
Normal Forward
1 - 32% - 40% - 13:40
2 - 30% - 30% - 12:43
3 - 23% - 20% - 9:39
4 - 16% - 10% - 6:46
Normal Defense
1 - 35% - 40% - 14:55
2 - 35% - 30% - 14:58
3 - 26% - 20% - 11:16
4 - 4% - 10% - 1:39
PP Forward
1 - 54% - 60% - 3:31
2 - 46% - 40% - 2:59
PP Defense
1 - 55% - 60% - 3:34
2 - 45% - 40% - 2:56
PK Forward
1 - 73% - 60% - 7:46
2 - 27% - 40% - 2:56
PK Defense
1 - 75% - 60% - 8:03
2 - 25% - 40% - 2:39
PK3 Forward
1 - 0% - 60%
2 - 0% - 40%
PK3 Defense
1 - 0% - 60%
2 - 0% - 40%
44 Forward
1 - 0% - 60%
2 - 0% - 40%
44 Defense
1 - 0% - 60%
2 - 0% - 40%
Last Minute Offensive - 0:00
Last Minute Defensive - 0:00
Total
Forward - 60:00
Defense - 60:00
|
% Time on Ice - Flyers
Lines # - Real PCT - Wanted PCT - Time Play
Normal Forward
1 - 28% - 40% - 11:54
2 - 33% - 30% - 14:03
3 - 22% - 20% - 9:36
4 - 17% - 10% - 7:15
Normal Defense
1 - 35% - 40% - 14:49
2 - 33% - 30% - 14:09
3 - 26% - 20% - 10:58
4 - 7% - 10% - 2:52
PP Forward
1 - 62% - 60% - 6:40
2 - 38% - 40% - 4:02
PP Defense
1 - 75% - 60% - 8:01
2 - 25% - 40% - 2:41
PK Forward
1 - 75% - 60% - 4:52
2 - 25% - 40% - 1:38
PK Defense
1 - 53% - 60% - 3:26
2 - 47% - 40% - 3:04
PK3 Forward
1 - 0% - 60%
2 - 0% - 40%
PK3 Defense
1 - 0% - 60%
2 - 0% - 40%
44 Forward
1 - 0% - 60%
2 - 0% - 40%
44 Defense
1 - 0% - 60%
2 - 0% - 40%
Last Minute Offensive - 0:00
Last Minute Defensive - 0:00
Total
Forward - 60:00
Defense - 60:00
|
Play by Play
1st period
0:01 of 1st period - Jeff Carter wins face-off versus Antoine Roussel in neutral zone.
0:10 of 1st period - Snap shot by Alexei Morozov.
0:10 of 1st period - Shot Misses the Net.
0:32 of 1st period - Wrist shot by Kyle Wellwood.
0:32 of 1st period - Shot Blocked by Ian White.
0:38 of 1st period - Jonathan Ericsson is hit by Jonathan Toews and loses puck.
1:31 of 1st period - Slapshot by Patrick Kane.
1:31 of 1st period - Stopped by Cory Schneider without a rebound.
1:32 of 1st period - Derick Brassard wins face-off versus Kyle Wellwood in Flyers zone.
1:37 of 1st period - Wrist shot by Derick Brassard.
1:37 of 1st period - Deflect By Patrick Kane.
1:37 of 1st period - Stopped by Cory Schneider without a rebound.
1:38 of 1st period - Kyle Wellwood wins face-off versus Jonathan Toews in Flyers zone.
1:53 of 1st period - Wrist shot by Jakub Voracek.
1:53 of 1st period - Shot Misses the Net.
1:55 of 1st period - Snap shot by Kyle Wellwood.
1:55 of 1st period - Shot Misses the Net.
2:05 of 1st period - Snap shot by Mats Zuccarello.
2:05 of 1st period - Stopped by Jimmy Howard with a rebound.
2:07 of 1st period - Slapshot by Matthew Lombardi.
2:07 of 1st period - Stopped by Jimmy Howard without a rebound.
2:08 of 1st period - Antoine Roussel wins face-off versus Matthew Lombardi in Blackhawks zone.
2:21 of 1st period - Snap shot by Antoine Roussel.
2:21 of 1st period - Stopped by Cory Schneider without a rebound.
2:22 of 1st period - Jeff Carter wins face-off versus Derick Brassard in Flyers zone.
2:33 of 1st period - Snap shot by Antoine Roussel.
2:33 of 1st period - Shot Blocked by Dany Heatley.
2:35 of 1st period - Slapshot by Joni Pitkanen.
2:35 of 1st period - Stopped by Cory Schneider with a rebound.
2:54 of 1st period - Slapshot by Jakub Voracek.
2:54 of 1st period - Stopped by Jimmy Howard without a rebound.
2:55 of 1st period - Kyle Brodziak wins face-off versus Matthew Lombardi in Blackhawks zone.
3:02 of 1st period - Kurt Sauer is hit by Matthew Lombardi.
3:20 of 1st period - Jeff Woywitka is hit by Antoine Roussel and loses puck.
4:05 of 1st period - Snap shot by Peter Regin.
4:05 of 1st period - Stopped by Cory Schneider with a rebound.
4:07 of 1st period - Slapshot by Tomas Fleischmann.
4:07 of 1st period - Deflect By Peter Regin.
4:07 of 1st period - Goal by Peter Regin - Blackhawks : 1 - Flyers : 0.
4:08 of 1st period - Derick Brassard wins face-off versus Jeff Carter in neutral zone.
4:47 of 1st period - Snap shot by Jakub Voracek.
4:47 of 1st period - Stopped by Jimmy Howard without a rebound.
4:48 of 1st period - Jonathan Toews wins face-off versus Rickard Wallin in Blackhawks zone.
4:57 of 1st period - Wrist shot by Jonathan Toews.
4:57 of 1st period - Stopped by Cory Schneider without a rebound.
4:58 of 1st period - Jonathan Toews wins face-off versus Rickard Wallin in Flyers zone.
5:27 of 1st period - Snap shot by Jonathan Toews.
5:27 of 1st period - Stopped by Cory Schneider with a rebound.
5:29 of 1st period - Slapshot by Denis Grebeshkov.
5:29 of 1st period - Stopped by Cory Schneider without a rebound.
5:30 of 1st period - Kyle Wellwood wins face-off versus Derick Brassard in Flyers zone.
6:22 of 1st period - Oleg Saprykin is hit by Alexei Morozov.
6:46 of 1st period - Jakub Voracek is hit by Jonathan Toews and loses puck.
7:21 of 1st period - Jeff Carter is hit by Tomas Fleischmann and loses puck.
7:28 of 1st period - Wrist shot by Peter Regin.
7:28 of 1st period - Shot Misses the Net.
7:30 of 1st period - Slapshot by Ryan O'Byrne.
7:30 of 1st period - Stopped by Cory Schneider without a rebound.
7:31 of 1st period - Matthew Lombardi wins face-off versus Derick Brassard in Flyers zone.
7:31 of 1st period - Matthew Lombardi is hit by Antoine Roussel.
7:47 of 1st period - Wrist shot by Antoine Roussel.
7:47 of 1st period - Shot Misses the Net.
8:07 of 1st period - Slapshot by Alexei Morozov.
8:07 of 1st period - Stopped by Jimmy Howard with a rebound.
8:09 of 1st period - Slapshot by Jonathan Ericsson.
8:09 of 1st period - Shot Blocked by Dave Tanabe.
8:45 of 1st period - Carson Mcmillan is hit by Jeff Carter and loses puck.
8:52 of 1st period - Kurt Sauer is hit by Jeff Woywitka and loses puck.
9:15 of 1st period - Snap shot by Matthew Lombardi.
9:15 of 1st period - Stopped by Jimmy Howard with a rebound.
9:27 of 1st period - Snap shot by Tomas Fleischmann.
9:27 of 1st period - Shot Misses the Net.
9:51 of 1st period - Dany Heatley is hit by Jonathan Toews.
10:38 of 1st period - Snap shot by Peter Regin.
10:38 of 1st period - Goal by Peter Regin - Blackhawks : 2 - Flyers : 0.
10:39 of 1st period - Derick Brassard wins face-off versus Jeff Carter in neutral zone.
10:48 of 1st period - Wrist shot by Derick Brassard.
10:48 of 1st period - Shot Misses the Net.
10:50 of 1st period - Slapshot by Ian White.
10:50 of 1st period - Shot Misses the Net.
10:52 of 1st period - Snap shot by Derick Brassard.
10:52 of 1st period - Deflect By Antoine Roussel.
10:52 of 1st period - Shot Misses the Net.
10:52 of 1st period - Puck is out of play.
10:53 of 1st period - Kyle Wellwood wins face-off versus Derick Brassard in Flyers zone.
11:49 of 1st period - Slapshot by Chad Larose.
11:49 of 1st period - Shot Misses the Net.
12:47 of 1st period - Jeff Carter is hit by Derick Brassard and loses puck.
14:49 of 1st period - Slapshot by Derick Brassard.
14:49 of 1st period - Stopped by Cory Schneider with a rebound.
14:53 of 1st period - Snap shot by Jonathan Toews.
14:53 of 1st period - Shot Misses the Net.
14:55 of 1st period - Slapshot by Jonathan Toews.
14:55 of 1st period - Stopped by Cory Schneider without a rebound.
14:56 of 1st period - Jonathan Toews wins face-off versus Kyle Wellwood in Flyers zone.
15:07 of 1st period - Wrist shot by Jonathan Toews.
15:07 of 1st period - Shot Misses the Net.
15:11 of 1st period - Wrist shot by Jason Pominville.
15:11 of 1st period - Shot Blocked by Jakub Voracek.
15:13 of 1st period - Slapshot by Joni Pitkanen.
15:13 of 1st period - Shot Blocked by Rostislav Olesz.
15:15 of 1st period - Wrist shot by Joni Pitkanen.
15:15 of 1st period - Shot Blocked by Kyle Wellwood.
15:19 of 1st period - Snap shot by Ryan Hollweg.
15:19 of 1st period - Stopped by Cory Schneider without a rebound.
15:20 of 1st period - Jeff Carter wins face-off versus Derick Brassard in Flyers zone.
15:41 of 1st period - Minor Penalty to Dave Tanabe for Holding.
15:42 of 1st period - Peter Regin wins face-off versus Jeff Carter in Blackhawks zone.
15:53 of 1st period - Joni Pitkanen is hit by Alexei Morozov and loses puck.
17:05 of 1st period - Wrist shot by Jeff Carter.
17:05 of 1st period - Stopped by Jimmy Howard with a rebound.
17:27 of 1st period - Wrist shot by Jeff Carter.
17:27 of 1st period - Shot Blocked by Peter Regin.
17:29 of 1st period - Slapshot by Jeff Woywitka.
17:29 of 1st period - Stopped by Jimmy Howard with a rebound.
17:31 of 1st period - Snap shot by Jeff Carter.
17:31 of 1st period - Stopped by Jimmy Howard without a rebound.
17:32 of 1st period - Kyle Wellwood wins face-off versus Jonathan Toews in Blackhawks zone.
17:41 of 1st period - Penalty to Dave Tanabe is over, Dave Tanabe is back on ice.
17:46 of 1st period - Icing by Ryan O'Byrne.
17:47 of 1st period - Matthew Lombardi wins face-off versus Jonathan Toews in Blackhawks zone.
19:12 of 1st period - Snap shot by Jakub Voracek.
19:12 of 1st period - Shot Blocked by Ryan O'Byrne.
19:18 of 1st period - Wrist shot by Kyle Wellwood.
19:18 of 1st period - Stopped by Jimmy Howard with a rebound.
19:20 of 1st period - Wrist shot by Jakub Voracek.
19:20 of 1st period - Stopped by Jimmy Howard without a rebound.
19:21 of 1st period - Matthew Lombardi wins face-off versus Derick Brassard in Blackhawks zone.
19:30 of 1st period - Minor Penalty to Derick Brassard for Hooking.
19:31 of 1st period - Peter Regin wins face-off versus Jeff Carter in Blackhawks zone.
Goals for this period are 2 for Blackhawks vs 0 for Flyers.
Shots for this period are 14 for Blackhawks vs 11 for Flyers.
2nd period
0:01 of 2nd period - Alexei Morozov wins face-off versus Peter Regin in neutral zone.
0:06 of 2nd period - Joni Pitkanen is hit by Jeff Carter and loses puck.
1:03 of 2nd period - Ryan O'Byrne is hit by Kyle Wellwood and loses puck.
1:30 of 2nd period - Penalty to Derick Brassard is over, Derick Brassard is back on ice.
1:40 of 2nd period - Chris Kreider is hit by Patrick Kane and loses puck.
1:59 of 2nd period - Snap shot by Jeff Carter.
1:59 of 2nd period - Goal by Jeff Carter - Blackhawks : 2 - Flyers : 1.
2:00 of 2nd period - Jeff Carter wins face-off versus Derick Brassard in neutral zone.
2:39 of 2nd period - Wrist shot by Tomas Fleischmann.
2:39 of 2nd period - Shot Misses the Net.
3:32 of 2nd period - Jonathan Ericsson is hit by Patrick Kane and loses puck.
4:52 of 2nd period - Minor Penalty to Antoine Roussel for Hooking.
4:53 of 2nd period - Rostislav Olesz wins face-off versus Peter Regin in Blackhawks zone.
5:10 of 2nd period - Off-side.
5:11 of 2nd period - Jeff Carter wins face-off versus Peter Regin in neutral zone.
6:52 of 2nd period - Penalty to Antoine Roussel is over, Antoine Roussel is back on ice.
7:06 of 2nd period - Antoine Roussel is hit by Chris Kreider and loses puck.
7:37 of 2nd period - Slapshot by Kurt Sauer.
7:37 of 2nd period - Deflect By Jonathan Toews.
7:37 of 2nd period - Shot Misses the Net.
7:37 of 2nd period - Puck is out of play.
7:38 of 2nd period - Dany Heatley wins face-off versus Jonathan Toews in Flyers zone.
7:38 of 2nd period - Dany Heatley is hit by Kurt Sauer.
7:49 of 2nd period - Alexei Morozov is hit by Ryan Hollweg and loses puck.
8:24 of 2nd period - Kurt Sauer is hit by Mats Zuccarello.
8:32 of 2nd period - Denis Grebeshkov is hit by Chris Kreider and loses puck.
8:51 of 2nd period - Wrist shot by Jakub Voracek.
8:51 of 2nd period - Stopped by Jimmy Howard with a rebound.
8:53 of 2nd period - Slapshot by Pavel Kubina.
8:53 of 2nd period - Shot Blocked by Derick Brassard.
8:55 of 2nd period - Wrist shot by Kyle Wellwood.
8:55 of 2nd period - Shot Misses the Net.
9:34 of 2nd period - Slapshot by Ryan O'Byrne.
9:34 of 2nd period - Shot Blocked by Jonathan Ericsson.
10:22 of 2nd period - Wrist shot by Oleg Saprykin.
10:22 of 2nd period - Shot Misses the Net.
10:33 of 2nd period - Minor Penalty to Kyle Brodziak for Roughing.
10:34 of 2nd period - Peter Regin wins face-off versus Kyle Wellwood in Blackhawks zone.
10:51 of 2nd period - Wrist shot by Kyle Wellwood.
10:51 of 2nd period - Shot Blocked by Ian White.
12:33 of 2nd period - Penalty to Kyle Brodziak is over, Kyle Brodziak is back on ice.
13:46 of 2nd period - Ian White is hit by Alexei Morozov and loses puck.
14:11 of 2nd period - Wrist shot by Derick Brassard.
14:11 of 2nd period - Goal by Derick Brassard - Blackhawks : 3 - Flyers : 1.
14:12 of 2nd period - Jeff Carter wins face-off versus Derick Brassard in neutral zone.
14:17 of 2nd period - Snap shot by Alexei Morozov.
14:17 of 2nd period - Stopped by Jimmy Howard with a rebound.
14:25 of 2nd period - Alexei Morozov is hit by Antoine Roussel and loses puck.
15:48 of 2nd period - Snap shot by Oleg Saprykin.
15:48 of 2nd period - Stopped by Cory Schneider without a rebound.
15:49 of 2nd period - Kyle Wellwood wins face-off versus Derick Brassard in Flyers zone.
16:16 of 2nd period - Chris Kreider is hit by Jason Pominville and loses puck.
16:37 of 2nd period - Wrist shot by Alexei Morozov.
16:37 of 2nd period - Shot Misses the Net.
16:39 of 2nd period - Slapshot by Alexei Morozov.
16:39 of 2nd period - Goal by Alexei Morozov - Blackhawks : 3 - Flyers : 2.
16:40 of 2nd period - Jeff Carter wins face-off versus Antoine Roussel in neutral zone.
17:32 of 2nd period - Steve McCarthy is hit by Chad Larose and loses puck.
18:32 of 2nd period - Snap shot by Matthew Lombardi.
18:32 of 2nd period - Shot Misses the Net.
18:49 of 2nd period - Icing by Matt Smaby.
18:50 of 2nd period - Rickard Wallin wins face-off versus Peter Regin in Flyers zone.
18:55 of 2nd period - Backhand shot by Kyle Wellwood.
18:55 of 2nd period - Shot Misses the Net.
18:57 of 2nd period - Wrist shot by Steve McCarthy.
18:57 of 2nd period - Deflect By Denis Grebeshkov.
18:57 of 2nd period - Stopped by Jimmy Howard with a rebound.
18:59 of 2nd period - Snap shot by Rostislav Olesz.
18:59 of 2nd period - Stopped by Jimmy Howard without a rebound.
19:00 of 2nd period - Derick Brassard wins face-off versus Kyle Wellwood in Blackhawks zone.
19:02 of 2nd period - Minor Penalty to Denis Grebeshkov for Hooking.
19:03 of 2nd period - Jeff Carter wins face-off versus Peter Regin in Blackhawks zone.
19:05 of 2nd period - Wrist shot by Jeff Carter.
19:05 of 2nd period - Shot Misses the Net.
19:29 of 2nd period - Rostislav Olesz is hit by Jonathan Toews and loses puck.
Goals for this period are 1 for Blackhawks vs 2 for Flyers.
Shots for this period are 2 for Blackhawks vs 6 for Flyers.
3rd period
0:01 of 3rd period - Jeff Carter wins face-off versus Peter Regin in neutral zone.
0:15 of 3rd period - Off-side.
0:16 of 3rd period - Peter Regin wins face-off versus Jeff Carter in neutral zone.
0:26 of 3rd period - Off-side.
0:27 of 3rd period - Peter Regin wins face-off versus Jeff Carter in neutral zone.
0:30 of 3rd period - Snap shot by Ian White.
0:30 of 3rd period - Shot Misses the Net.
0:32 of 3rd period - Snap shot by Ian White.
0:32 of 3rd period - Deflect By Jeff Carter.
0:32 of 3rd period - Stopped by Cory Schneider without a rebound.
0:33 of 3rd period - Peter Regin wins face-off versus Jeff Carter in Flyers zone.
1:02 of 3rd period - Penalty to Denis Grebeshkov is over, Denis Grebeshkov is back on ice.
1:33 of 3rd period - Ian White is hit by Mats Zuccarello and loses puck.
1:45 of 3rd period - Snap shot by Tomas Fleischmann.
1:45 of 3rd period - Shot Misses the Net.
1:47 of 3rd period - Slapshot by Joni Pitkanen.
1:47 of 3rd period - Deflect By Matt Smaby.
1:47 of 3rd period - Stopped by Cory Schneider without a rebound.
1:48 of 3rd period - Jeff Carter wins face-off versus Peter Regin in Flyers zone.
2:03 of 3rd period - Snap shot by Tomas Fleischmann.
2:03 of 3rd period - Stopped by Cory Schneider with a rebound.
2:05 of 3rd period - Wrist shot by Peter Regin.
2:05 of 3rd period - Stopped by Cory Schneider with a rebound.
2:23 of 3rd period - Slapshot by Tomas Fleischmann.
2:23 of 3rd period - Shot Blocked by Dany Heatley.
2:25 of 3rd period - Snap shot by Chad Larose.
2:25 of 3rd period - Shot Blocked by Alexei Morozov.
2:27 of 3rd period - Snap shot by Dave Tanabe.
2:27 of 3rd period - Deflect By Tomas Fleischmann.
2:27 of 3rd period - Stopped by Cory Schneider with a rebound.
2:29 of 3rd period - Slapshot by Ryan O'Byrne.
2:29 of 3rd period - Shot Blocked by Jeff Woywitka.
2:41 of 3rd period - Snap shot by Peter Regin.
2:41 of 3rd period - Stopped by Cory Schneider with a rebound.
2:43 of 3rd period - Slapshot by Denis Grebeshkov.
2:43 of 3rd period - Stopped by Cory Schneider without a rebound.
2:44 of 3rd period - Derick Brassard wins face-off versus Kyle Wellwood in Flyers zone.
2:45 of 3rd period - Slapshot by Patrick Kane.
2:45 of 3rd period - Stopped by Cory Schneider without a rebound.
2:46 of 3rd period - Kyle Wellwood wins face-off versus Derick Brassard in Flyers zone.
2:48 of 3rd period - Minor Penalty to Matt Smaby for High sticking.
2:49 of 3rd period - Jeff Carter wins face-off versus Derick Brassard in Flyers zone.
3:19 of 3rd period - Backhand shot by Ian White.
3:19 of 3rd period - Stopped by Cory Schneider with a rebound.
3:21 of 3rd period - Wrist shot by Joni Pitkanen.
3:21 of 3rd period - Goal by Joni Pitkanen - Blackhawks : 4 - Flyers : 2.
3:22 of 3rd period - Jeff Carter wins face-off versus Derick Brassard in neutral zone.
3:22 of 3rd period - Jonathan Ericsson is hit by Ian White and loses puck.
3:56 of 3rd period - Wrist shot by Jakub Voracek.
3:56 of 3rd period - Shot Misses the Net.
4:04 of 3rd period - Matthew Lombardi is hit by Joni Pitkanen and loses puck.
4:19 of 3rd period - Icing by Tomas Fleischmann.
4:20 of 3rd period - Peter Regin wins face-off versus Rickard Wallin in Blackhawks zone.
4:45 of 3rd period - Denis Grebeshkov is hit by Jeff Carter and loses puck.
5:18 of 3rd period - Wrist shot by Peter Regin.
5:18 of 3rd period - Stopped by Cory Schneider without a rebound.
5:19 of 3rd period - Derick Brassard wins face-off versus Kyle Wellwood in Flyers zone.
5:29 of 3rd period - Jonathan Ericsson is hit by Joni Pitkanen and loses puck.
5:42 of 3rd period - Minor Penalty to Rostislav Olesz for Hooking.
5:43 of 3rd period - Jeff Carter wins face-off versus Derick Brassard in Flyers zone.
7:42 of 3rd period - Penalty to Rostislav Olesz is over, Rostislav Olesz is back on ice.
8:09 of 3rd period - Rostislav Olesz is hit by Kyle Brodziak and loses puck.
9:01 of 3rd period - Off-side.
9:02 of 3rd period - Rickard Wallin wins face-off versus Kyle Brodziak in neutral zone.
9:05 of 3rd period - Wrist shot by Rickard Wallin.
9:05 of 3rd period - Deflect By Mats Zuccarello.
9:05 of 3rd period - Shot Blocked by Denis Grebeshkov.
9:05 of 3rd period - Puck is out of play.
9:06 of 3rd period - Kyle Brodziak wins face-off versus Rickard Wallin in Blackhawks zone.
9:47 of 3rd period - Slapshot by Denis Grebeshkov.
9:47 of 3rd period - Stopped by Cory Schneider without a rebound.
9:48 of 3rd period - Derick Brassard wins face-off versus Jeff Carter in Flyers zone.
9:51 of 3rd period - Snap shot by Patrick Kane.
9:51 of 3rd period - Stopped by Cory Schneider with a rebound.
9:53 of 3rd period - Wrist shot by Antoine Roussel.
9:53 of 3rd period - Shot Misses the Net.
9:55 of 3rd period - Snap shot by Patrick Kane.
9:55 of 3rd period - Deflect By Jeff Carter.
9:55 of 3rd period - Stopped by Cory Schneider without a rebound.
9:56 of 3rd period - Derick Brassard wins face-off versus Jeff Carter in Flyers zone.
9:57 of 3rd period - Snap shot by Patrick Kane.
9:57 of 3rd period - Stopped by Cory Schneider with a rebound.
9:59 of 3rd period - Wrist shot by Antoine Roussel.
9:59 of 3rd period - Shot Blocked by Jonathan Ericsson.
10:07 of 3rd period - Snap shot by Patrick Kane.
10:07 of 3rd period - Shot Misses the Net.
10:36 of 3rd period - Minor Penalty to Alexei Morozov for Goalie Interference.
10:37 of 3rd period - Jeff Carter wins face-off versus Jason Pominville in Flyers zone.
12:36 of 3rd period - Penalty to Alexei Morozov is over, Alexei Morozov is back on ice.
12:48 of 3rd period - Snap shot by Jakub Voracek.
12:48 of 3rd period - Shot Misses the Net.
14:06 of 3rd period - Minor Penalty to Kyle Wellwood for Slashing.
14:07 of 3rd period - Jeff Carter wins face-off versus Derick Brassard in Flyers zone.
14:16 of 3rd period - Dany Heatley is hit by Kurt Sauer and loses puck.
16:06 of 3rd period - Penalty to Kyle Wellwood is over, Kyle Wellwood is back on ice.
16:46 of 3rd period - Pavel Kubina is hit by Jonathan Toews and loses puck.
17:23 of 3rd period - Kyle Wellwood is hit by Ryan O'Byrne and loses puck.
19:12 of 3rd period - Minor Penalty to Derick Brassard for Hooking.
19:13 of 3rd period - Peter Regin wins face-off versus Jeff Carter in Blackhawks zone.
19:13 of 3rd period - Peter Regin is hit by Jeff Woywitka.
Goals for this period are 1 for Blackhawks vs 0 for Flyers.
Shots for this period are 15 for Blackhawks vs 0 for Flyers.
Back to the Top